 Seeded DCSS version 0.30.1-11-g7821555f0a (webtiles) character file.

Game seed: 12756009894327649987 (custom seed)

57 Psyclone the Destroyer (level 4, 35/38 HPs)
             Began as a Gnoll Conjurer on Nov 6, 2023.
             Was an Initiate of Gozag.
             Quit the game on level 1 of the Dungeon.
             The game lasted 00:02:15 (252 turns).

Psyclone the Destroyer (Gnoll Conjurer)              Turns: 252, Time: 00:02:15

Health: 35/38      AC:  2    Str:  7    XL:     4   Next: 0%
Magic:  6/12       EV: 13    Int: 19    God:    Gozag
Gold:   43         SH:  0    Dex: 10    Spells: 5/16 levels left

rFire   . .          .
                       - Unarmed
rCold   . . .        (no shield)
rNeg    . . .        a - +0 robe
rPois   .            (no helmet)
rElec   .            (no cloak)
rCorr   .            (no gloves)
SInv    .            (no boots)
Will    .....        (no amulet)
Stlth   +++          (no ring)
HPRegen 0.26/turn    (no ring)
MPRegen 0.13/turn

%: no passive effects
@: no status effects
A: fangs 1, strong nose, distributed training
a: Renounce Religion, Potion Petition, Call Merchant, Bribe Branch


You were on level 1 of the Dungeon.
You worshipped Gozag.
Gozag was noncommittal.
You visited 1 branch of the dungeon, and saw 2 of its levels.

You collected 43 gold pieces.

Inventory:

Armour
 a - a +0 robe (worn)
Jewellery
 d - a ring of positive energy
Potions
 b - a potion of magic


   Skills:
 + Level 4.5 Fighting
 + Level 4.5 Short Blades
 + Level 4.5 Long Blades
 + Level 4.5 Axes
 + Level 4.5 Maces & Flails
 + Level 4.5 Polearms
 + Level 4.5 Staves
 + Level 4.5 Ranged Weapons
 + Level 4.5 Throwing
 + Level 4.5 Armour
 + Level 6.5 Dodging
 + Level 6.3 Stealth
 + Level 4.5 Shields
 + Level 4.5 Unarmed Combat
 + Level 6.8 Spellcasting
 + Level 8.1 Conjurations
 + Level 3.8 Hexes
 + Level 3.8 Summonings
 + Level 3.8 Necromancy
 + Level 3.8 Translocations
 + Level 3.8 Transmutations
 + Level 3.8 Fire Magic
 + Level 3.8 Ice Magic
 + Level 3.8 Air Magic
 + Level 3.8 Earth Magic
 + Level 3.8 Poison Magic
 + Level 5.0 Invocations
 + Level 4.5 Evocations


You had 5 spell levels left.
You knew the following spells:

 Your Spells              Type           Power      Damage    Failure   Level
a - Magic Dart            Conj           100%       1d8       1%          1
b - Searing Ray           Conj           74%        2d7       1%          2
d - Fulminant Prism       Conj/Hex       14%        3d9       9%          4
e - Iskenderun's Mystic   Conj/Tloc      29%        2d7       9%          4

Your spell library contained the following spells:

 Spells                   Type           Power      Damage    Failure   Level
 Dazzling Flash           Conj/Hex       58%        N/A       2%          3


Dungeon Overview and Level Annotations

Branches:
Dungeon (2/15) Zot: 11748

Altars:
Gozag


Innate Abilities, Weirdness & Mutations

You have very sharp teeth.
Your uncanny sense of smell can sniff out nearby items.
Your experience applies equally to all skills.


Message History

Your Polearms skill increases to level 4!
Your Staves skill increases to level 4!
Your Ranged Weapons skill increases to level 4!
Your Throwing skill increases to level 4!
Your Armour skill increases to level 4!
Your Dodging skill increases to level 6!
Your Stealth skill increases to level 6!
Your Shields skill increases to level 4!
Your Unarmed Combat skill increases to level 4!
Your Conjurations skill increases to level 8!
Your Hexes skill increases to level 3!
Your Summonings skill increases to level 3!
Your Necromancy skill increases to level 3!
Your Translocations skill increases to level 3!
Your Transmutations skill increases to level 3!
Your Fire Magic skill increases to level 3!
Your Ice Magic skill increases to level 3!
Your Air Magic skill increases to level 3!
Your Earth Magic skill increases to level 3!
Your Poison Magic skill increases to level 3!
Your Invocations skill gained 2 levels and is now at level 5!
Your Evocations skill increases to level 4!
You have reached level 4!
You feel stronger.
You regained 8 hp, and now have 32/38 hp.
Memorise Searing Ray, consuming 2 spell levels and leaving 13?
You start memorising the spell.
You continue memorising. x2
You finish memorising.
Spell assigned to 'b'.
This spell is quite dangerous to cast!
Memorise Fulminant Prism, consuming 4 spell levels and leaving 9?
You start memorising the spell.
You continue memorising. x4
You finish memorising.
Spell assigned to 'd'.
You regained 2 hp, and now have 34/38 hp.
This spell is quite dangerous to cast!
Memorise Iskenderun's Mystic Blast, consuming 4 spell levels and leaving 5?
You start memorising the spell.
You continue memorising. x4
You finish memorising.
Spell assigned to 'e'.
You now have 43 gold pieces (gained 12).
Unknown command.
Unknown command.
Are you sure you want to abandon this character and quit the game? (Confirm with "yes".)

#.##.##
#.##...
#.#####..
#.# ## .
##.##..
#...#.#
#...#.#
#...#$###
#...@...#
#.......#
#.......#
##.#....#
.......#
#.......#
#...#.###
#... ..


There were no monsters in sight!

Vanquished Creatures
  A bat (D:1)
  2 hobgoblins (D:1)
  2 quokkas (D:1)
5 creatures vanquished.

Notes
Turn   | Place    | Note
-------+----------+-------------------------------------------
     0 | D:1      | Psyclone the Gnoll Conjurer began the quest for the Orb.
     0 | D:1      | Reached XP level 1. HP: 13/13 MP: 6/6
    51 | D:1      | Found a faded altar of an unknown god.
    78 | D:1      | Prayed at the altar of an unknown god.
    78 | D:1      | Became a worshipper of Gozag Ym Sagoz the Greedy
   151 | D:2      | Noticed an orc priest
   236 | D:1      | Reached XP level 2. HP: 15/19 MP: 4/7
   236 | D:1      | Reached skill level 5 in Dodging
   236 | D:1      | Reached skill level 5 in Stealth
   236 | D:1      | Reached XP level 3. HP: 24/29 MP: 4/10
   237 | D:1      | Reached skill level 8 in Conjurations
   237 | D:1      | Reached skill level 5 in Invocations
   237 | D:1      | Reached XP level 4. HP: 31/38 MP: 4/12
   241 | D:1      | Learned a level 2 spell: Searing Ray
   246 | D:1      | Learned a level 4 spell: Fulminant Prism
   251 | D:1      | Learned a level 4 spell: Iskenderun's Mystic Blast
   252 | D:1      | Quit the game

Illustrated notes

Levels and vault maps discovered:
D:1:      dpeg_arrival_pits, layout_basic, ebering_ecumenical_altar_box
D:2:      layout_basic, minmay_goblin_outpost, uniq_crazy_yiuf_cottage

Skill      XL: |  1  2  3 |
---------------+----------+-----
Fighting       | 3 4 |  4.5
Short Blades   | 3 4 |  4.5
Long Blades    | 3 4 |  4.5
Axes           | 3 4 |  4.5
Maces & Flails | 3 4 |  4.5
Polearms       | 3 4 |  4.5
Staves         | 3 4 |  4.5
Ranged Weapons | 3 4 |  4.5
Throwing       | 3 4 |  4.5
Armour         | 3 4 |  4.5
Dodging        | 5 6 |  6.5
Stealth        | 5 6 |  6.3
Shields        | 3 4 |  4.5
Unarmed Combat | 3 4 |  4.5
Spellcasting   | 6 |  6.8
Hexes          | 2 3 |  3.8
Summonings     | 2 3 |  3.8
Necromancy     | 2 3 |  3.8
Translocations | 2 3 |  3.8
Transmutations | 2 3 |  3.8
Fire Magic     | 2 3 |  3.8
Ice Magic      | 2 3 |  3.8
Air Magic      | 2 3 |  3.8
Earth Magic    | 2 3 |  3.8
Poison Magic   | 2 3 |  3.8
Invocations    | 3 5 |  5.0
Evocations     | 3 4 |  4.5
Conjurations   | 8 |  8.1

Action                     |  1- 3 |  4- 6 || total
---------------------------+-------+-------++-------
   Cast: Magic Dart        |     8 |       ||     8
    Use: Potion            |     2 |       ||     2
 Armour: Robe              |     1 |       ||     1
  Dodge: Dodged            |     1 |       ||     1
